 Dungeon Crawl Stone Soup version 0.23.0 (webtiles) character file.

Game seed: 13858815395084599935

23 inmateoo the Sneak (level 2, -1/18 HPs)
             Began as an Octopode Transmuter on Feb 15, 2019.
             Hit by a goblin thrown by Robin (2 damage)
             ... on level 2 of the Dungeon.
             The game lasted 00:00:58 (1233 turns).

inmateoo the Sneak (Octopode Transmuter)            Turns: 1233, Time: 00:01:00

Health: -1/18      AC:  1    Str:  9    XL:     2   Next: 95%
Magic:  5/5        EV: 13    Int: 15    God:
Gold:   71         SH:  0    Dex: 12    Spells: 4/5 levels left

rFire    . . .     SeeInvis .     - Unarmed
rCold    . . .     Gourm    .   (no shield)
rNeg     . . .     Faith    .   (helmet restricted)
rPois    .         Spirit   .   (no amulet)
rElec    .         Reflect  .   (no ring)
rCorr    .         Harm     .   (no ring)
MR       .....                  (no ring)
Stlth    +++.......             (no ring)
HPRegen  0.06/turn              (no ring)
MPRegen  0.09/turn              (no ring)
                                (no ring)
                                (no ring)

@: appendage (expiring)
A: almost no armour, stealthy swim, amphibious, 8 rings, constrict 8, tentacle
spike 3, camouflage 1, gelatinous body 1
a: End Transformation


You were on level 2 of the Dungeon.
You were not hungry.
One of your tentacles had a temporary spike.
You visited 1 branch of the dungeon, and saw 2 of its levels.

You collected 71 gold pieces.

Inventory:

Missiles
 a - 12 arrows
Jewellery
 h - an uncursed ring of fire {unknown}
Scrolls
 b - a scroll of fog {unknown}
 e - a scroll of noise {unknown}
 f - a scroll of teleportation {unknown}
 g - a scroll of blinking {unknown}
 k - 2 scrolls of identify {unknown}
 l - a scroll of magic mapping {unknown}
 m - a scroll of random uselessness {unknown}
 n - a scroll of enchant weapon {unknown}
Potions
 d - a potion of agility {unknown}
 i - a potion of curing {unknown}
 o - a potion of berserk rage {unknown}
Comestibles
 c - 3 rations
 j - 2 chunks of flesh


   Skills:
 - Level 1.0 Fighting
 - Level 2.0 Dodging
 + Level 3.7 Stealth
 - Level 3.0 Unarmed Combat
 - Level 2.0 Spellcasting
 - Level 2.0 Transmutations


You had 4 spell levels left.
You knew the following spells:

 Your Spells              Type           Power        Failure   Level  Hunger
a - Beastly Appendage     Tmut           #.....       10%         1    #......

Your spell library contained the following spells:

 Spells                   Type           Power        Failure   Level  Hunger
 Sticks to Snakes         Tmut           #.......     14%         2    ###....
 Spider Form              Tmut/Pois      #.........   41%         3    ###....
 Ice Form                 Ice/Tmut       #.......     82%         4    #####..
 Blade Hands              Tmut           #.........   95%         5    ######.


Dungeon Overview and Level Annotations

Branches:
Dungeon (2/15)

Altars:

Annotations:
D:2 Robin


Innate Abilities, Weirdness & Mutations

You cannot wear most types of armour.
You are very stealthy in the water. (Stealth+)
You are amphibious.
You can wear up to eight rings at the same time.
You can use your tentacles to constrict eight enemies at once.
Your skin changes colour to match your surroundings (Stealth+).
Your rubbery body absorbs attacks. (AC +1, EV +1)
One of your tentacles bears a large vicious spike.


Message History

You release your grip on Robin.
Your transformation is almost over.
The goblin barely misses you.
Unknown command.
The goblin barely misses you.
Unknown command.
Robin throws the goblin at you! The goblin barely misses you.
Unknown command.
You tentacle-slap the goblin. Your grab misses the goblin.
You pierce the goblin.
The goblin is severely wounded.
The goblin misses you. The goblin hits you.
* * * LOW HITPOINT WARNING * * *
Unknown command.
You closely miss the goblin. You grab the goblin.
The goblin is severely wounded.
You constrict the goblin.
You kill the goblin!
The goblin barely misses you. Robin throws the goblin at you!
You die...

≈≈≈≈..##.# .≈.≈≈
...#
...≈..##.#######
...............#
########..####.#
#.(# #.# #..#
#.#
####..####g####
#......g@gg.))#
#.###.#######.#
#.# #.# .#
#.###.#######g#
#...........#g#
#####.#####.#g#
#.....# g#
#.#.#.# .#
#...#.#


You could see Robin and 3 goblins.

Vanquished Creatures
  An ooze (D:2)
  3 bats
  4 goblins (D:2)
  4 hobgoblins
  A frilled lizard (D:1)
  3 kobolds (D:1)
  A rat (D:1)
17 creatures vanquished.

Notes
Turn   | Place    | Note
-------+----------+-------------------------------------------
     0 | D:1      | inmateoo the Octopode Transmuter began the quest for the
                  | Orb.
     0 | D:1      | Reached XP level 1. HP: 13/13 MP: 3/3
   146 | D:1      | Reached skill level 1 in Stealth
   766 | D:1      | Reached XP level 2. HP: 18/18 MP: 5/5
  1159 | D:2      | Noticed Robin
  1233 | D:2      | Hit by a goblin thrown by Robin

Skill      XL: |  1  2 |
---------------+-------+-----
Stealth        | 2 3 |  3.7
Fighting       | |  1.0
Dodging        | |  2.0
Unarmed Combat | |  3.0
Spellcasting   | |  2.0
Transmutations | |  2.0

Action                   || total
-------------------------++-------
Melee: Unarmed           ||    56
       Constrict         ||    12
       Tentacles         ||     7
       Kick              ||     4
       Punch             ||     1
 Cast: Beastly Appendage ||     4
 Stab: Sleeping          ||     3
  Eat: Chunk             ||     1
Armor: Skin              ||     8
Dodge: Dodged            ||    50
